AoeStats
← MatzeAoE

Enclosed

505061200Analyzed
1v1 RM · 25d ago on Sep 7, 2026· 44m 52s· 2 players
Game mode
Random Map
Map size
Tiny (2 player)
Population
200
Speed
Normal
Resources
Standard
Victory
Conquest
Starting age
Dark Age
Ending age
Imperial Age
RankedLock teamsTeams togetherTeam positionsShared explorationLock speedFull tech treeHidden civsTurbo modeCheats
Victory
Defeat
🇨🇳 Sicilians · China
2103
+13
🇩🇪 Bohemians · Germany
2037
-13
MatzeAoE
6:44 Loom
10:45 Feudal Age
14:38 Castle Age
12:42 Double-Bit Axe
17:49 Horse Collar
23:08 Fletching
25:33 Bow Saw
29:18 Sanctity
29:09 Fervor
29:17 Heavy Plow
30:13 Wheelbarrow
29:24 Town Watch
33:56 Imperial Age
33:05 Hand Cart
32:51 Town Patrol
34:35 Chemistry
33:41 Pikeman
35:05 Block Printing
34:23 Halberdier
38:33 Conscription
38:19 Wagenburg Tactics
39:44 Guilds
40:40 Siege Engineers
41:46 Onager
_DY_孟川
5:53 Loom
10:58 Feudal Age
12:11 Double-Bit Axe
14:44 Castle Age
13:25 Horse Collar
14:44 Scale Mail Armor
20:20 Fletching
25:25 Wheelbarrow
24:36 Town Watch
25:18 Bow Saw
29:25 Hand Cart
29:12 Heavy Plow
34:21 Imperial Age
31:22 Light Cavalry
32:17 Gold Mining
34:47 Chain Mail Armor
35:28 First Crusade
34:31 Elite Serjeant
36:15 Plate Mail Armor
35:55 Forging
35:59 Capped Ram
36:47 Town Patrol
37:23 Iron Casting
37:11 Bodkin Arrow
39:18 Blast Furnace
38:02 Elite Skirmisher
38:43 Bracer
38:44 Padded Archer Armor
38:39 Siege Ram
41:17 Leather Archer Armor
41:24 Ballistics
42:05 Chemistry
41:11 Siege Engineers
41:59 Husbandry
42:09 Bloodlines
42:05 Scale Barding Armor
42:32 Cavalier
43:33 Chain Barding Armor
Connection lost

Rejoining the realm…

Still unreachable

The connection could not be restored.

Session expired

The server has moved on; the page needs a fresh start.